 Dungeon Crawl Stone Soup version 0.20.1-1-g8b1a95d (webtiles) character file.

50 Malachi the Grave Robber (level 3, -2/24 HPs)
             Began as a Demonspawn Necromancer on Sept 12, 2017.
             Slain by an adder (3 damage)
             ... on level 2 of the Dungeon.
             The game lasted 00:03:51 (2282 turns).

Malachi the Grave Robber (Demonspawn Necromancer)   Turns: 2282, Time: 00:03:52

Health: -2/24      AC:  2    Str: 13    XL:     3   Next: 55%
Magic:  1/7        EV: 12    Int: 17    God:
Gold:   39         SH:  0    Dex: 13    Spells: 3/7 levels left

rFire    + + +     SeeInvis .   m - +0 short sword
rCold    + . .     Gourm    .   (no shield)
rNeg     . . .     Faith    .   g - +0 robe {rF+}
rPois    +         Spirit   .   (no helmet)
rElec    +         Reflect  .   (no cloak)
rCorr    +         Harm     .   (no gloves)
MR       .....                  (no boots)
Stlth    ++........             (no amulet)
Regen    0.1/turn               p - ring of protection from fire
MPRegen  0.1/turn               (no ring)

@: mighty, resistant
A: rot immunity
a: no special abilities


You were on level 2 of the Dungeon.
You were hungry.

You visited 1 branch of the dungeon, and saw 2 of its levels.

You collected 39 gold pieces.

Inventory:

Hand Weapons
 d - a +0 dagger
 m - a +0 short sword (weapon)
Armour
 a - a +0 robe
 g - a +0 robe of fire resistance (worn)
Jewellery
 p - a ring of protection from fire (left hand)
Scrolls
 e - a scroll of random uselessness {unknown}
 h - a scroll of teleportation {unknown}
 k - a scroll of recharging {unknown}
 l - a scroll of fog {unknown}
 n - a scroll of immolation {unknown}
 q - a scroll of identify {unknown}
Potions
 i - a potion of might
 r - a potion of agility {unknown}
Books
 b - a book of Necromancy

   Spells                             Type                      Level
   a - Pain                           Necromancy                   1
   b - Animate Skeleton               Necromancy                   1
   c - Vampiric Draining              Necromancy                   3
   d - Regeneration                   Charms/Necromancy            3
   e - Animate Dead                   Necromancy                   4
   f - Control Undead                 Necromancy                   4
Comestibles
 c - a bread ration
 f - a royal jelly


   Skills:
 + Level 0.2 Fighting
 + Level 0.1 Short Blades
 + Level 1.8 Dodging
 + Level 1.8 Stealth
 + Level 2.7 Spellcasting
 + Level 5.1 Necromancy


You had 3 spell levels left.
You knew the following spells:

 Your Spells              Type           Power        Failure   Level  Hunger
a - Pain                  Necr           ###.         2%          1    #......
b - Vampiric Draining     Necr           ###.......   6%          3    ###....


Dungeon Overview and Level Annotations

Branches:
Dungeon (2/15)

Altars:


Innate Abilities, Weirdness & Mutations

You are immune to rotting.


Message History

The goblin moves out of view.
The adder bites you but does no damage.
Things that are here:
a club; a goblin corpse The adder closely misses you.
The adder bites you.
* * * LOW HITPOINT WARNING * * *
Casting: Pain
Confirm with . or Enter, or press ? or * to list all spells.
Aiming: Pain
Press: ? - help, Shift-Dir - straight line, f/p - adder
Aim: an adder (heavily wounded, chance to defeat MR: 84%)
The adder writhes in agony!
The adder bites you.
* * * LOW HITPOINT WARNING * * *
It was a potion of might.
You feel very mighty all of a sudden. The adder bites you but does no damage.
It was a potion of resistance.
You feel protected. The adder bites you.
You die...

#.##.......##.#
#.#####.##.##.#
#. ###.##.##.#
.........#
##.##.##.#
#.......#
...####.####
.........#
....###.@# ..
##.S# #...#
#)#.# #.##.#.#
#......#
................
.<.#####..##.#.#
.. #..# ..


You could see an adder.

Vanquished Creatures
  An adder (D:2)
  2 dart slugs (D:1)
  A leopard gecko (D:1)
  A ball python (D:1)
  2 bats (D:1)
  A giant cockroach (D:1)
  4 goblins
  2 hobgoblins (D:1)
  5 jackals (D:1)
  3 frilled lizards (D:1)
  8 kobolds (D:1)
  4 rats
  A toadstool (D:1)
35 creatures vanquished.

Vanquished Creatures (others)
  3 toadstools (D:1)
3 creatures vanquished.

Grand Total: 38 creatures vanquished

Notes
Turn   | Place    | Note
-------+----------+-------------------------------------------
     0 | D:1      | Malachi the Demonspawn Necromancer began the quest for the Orb.
     0 | D:1      | Reached XP level 1. HP: 13/13 MP: 3/3
   592 | D:1      | Gained mutation: You are immune to rotting. [demonic ancestry]
   592 | D:1      | Reached XP level 2. HP: 19/19 MP: 3/5
   724 | D:1      | Reached skill level 5 in Necromancy
  1328 | D:1      | Reached XP level 3. HP: 11/24 MP: 0/6
  2253 | D:2      | Learned a level 3 spell: Vampiric Draining
  2280 | D:2      | HP: 1/24 [adder (5)]
  2282 | D:2      | Slain by an adder

Skill      XL: |  1  2 |
---------------+-------+-----
Necromancy     | 5 |  5.1
Fighting       | |  0.2
Short Blades   | |  0.1
Dodging        | |  1.8
Stealth        | |  1.8
Spellcasting   | |  2.7

Action                   || total
-------------------------++-------
Melee: Dagger            ||    15
       Unarmed           ||     7
       Short sword       ||     9
 Cast: Pain              ||    56
       Vampiric Draining ||     2
  Use: Potion            ||     2
  Eat: Chunk             ||     4
Armor: Robe              ||    12
Dodge: Dodged            ||    46
